 Dungeon Crawl Stone Soup version 0.31-a0-1-g4198be8af4 (webtiles) character file.

Game seed: 4356293277728176114

462 bmack86 the Chopper (level 6, -6/56 HPs)
             Began as a Minotaur Fighter on May 2, 2023.
             Mangled by an ice beast (14 damage)
             ... on level 5 of the Dungeon.
             The game lasted 00:11:55 (3431 turns).

bmack86 the Chopper (Minotaur Fighter)              Turns: 3431, Time: 00:11:55

Health: -6/56      AC: 14    Str: 23    XL:     6   Next: 79%
Magic:  5/5        EV:  6    Int:  5    God:
Gold:   258        SH:  4    Dex:  9    Spells: 5/5 levels left

rFire   . . .        a - +1 war axe (chaos)
rCold   . . .        c - +0 buckler
rNeg    . . .        k - +0 plate armour
rPois   .            (helmet restricted)
rElec   .            (no cloak)
rCorr   .            (no gloves)
SInv    .            s - +1 pair of boots
Will    .....        (no amulet) Stlth
                     (no ring)
HPRegen 0.29/turn    (no ring)
MPRegen 0.09/turn

%: no passive effects
@: no status effects
A: horns 2, retaliatory headbutt
a: no special abilities


You were on level 5 of the Dungeon.
You visited 1 branch of the dungeon, and saw 5 of its levels.

You collected 298 gold pieces.
You spent 40 gold pieces at shops.

Inventory:

Hand Weapons
 a - a +1 war axe of chaos (weapon)
Missiles
 l - 5 poisoned darts
 q - 6 javelins
 w - 3 boomerangs (quivered)
Armour
 b - a +0 scale mail
 c - a +0 buckler (worn)
 k - a +0 plate armour (worn)
 s - a +1 pair of boots (worn)
Scrolls
 f - a scroll of vulnerability
 n - a scroll of fear
 t - a scroll of amnesia
Potions
 d - 2 potions of might
 e - a potion of ambrosia
 g - a potion of attraction {unknown}
 h - a potion of brilliance
 j - a potion of haste
 o - 2 potions of invisibility
 r - a potion of magic
 v - 3 potions of curing
 x - a potion of berserk rage {unknown}
 z - a potion of flight {unknown}


   Skills:
 + Level 5.0 Fighting
 * Level 5.6 Axes
 + Level 2.2 Throwing
 + Level 5.0 Armour
 + Level 5.1 Shields


You had 5 spell levels left.
You didn't know any spells.
Your spell library was empty.

Dungeon Overview and Level Annotations

Branches:
Dungeon (5/15)
 Temple: D:4-7

Altars:
Trog

Shops:
D:1 :=*


Innate Abilities, Weirdness & Mutations

You have a pair of horns on your head.
You reflexively headbutt those who attack you in melee.


Message History

You hear a shout!
An ogre comes into view. It is wielding a +0 giant club.
An ice beast comes into view.
You slash the ogre!
The ogre resists with some effort.
Your headbutt misses the ogre.
The ogre is heavily wounded.
The ogre barely misses you. You furiously retaliate!
You headbutt the ogre. You barely miss the ogre.
The ogre is almost dead.
The ogre hits you with a +0 giant club.
You slash the ogre! Lightning courses through the ogre!
You kill the ogre!
You hit the ice beast.
The ice beast suddenly seems more agile.
The ice beast hits you but does no damage.
Your Fighting skill increases to level 5!
Your Throwing skill increases to level 2!
Your Armour skill increases to level 5!
You closely miss the ice beast. Your headbutt misses the ice beast.
The ice beast is lightly wounded.
You block the ice beast's attack.
You closely miss the ice beast.
The ice beast is lightly wounded.
The ice beast completely misses you. The ice beast barely misses you.
You miss the ice beast. You headbutt the ice beast.
The ice beast is moderately wounded.
The ice beast hits you. The ice beast freezes you!
You miss the ice beast.
The ice beast is moderately wounded.
The ice beast hits you but does no damage.
You closely miss the ice beast.
The ice beast is moderately wounded.
The ice beast hits you. The ice beast freezes you!
* * * LOW HITPOINT WARNING * * *
You slash the ice beast!
The ice beast is heavily wounded.
You block the ice beast's attack. The ice beast hits you.
* * * LOW HITPOINT WARNING * * *
The ice beast freezes you!
You die...

#.### .# .
#.#.. .# .#
#.#.##.#..#
#.#.#..#.#
#.#.......
###.#....###..
#.....)Y......
#.....@#
#......#
######.# #.#
#.# #.# #..
###


You could see an ice beast (agile).

Vanquished Creatures
  An ogre (D:5)
  2 phantoms
  A howler monkey (D:5)
  A hound (D:4)
  Jessica (D:2)
  Robin (D:2)
  3 adders
  3 worms
  A dart slug (D:2)
  9 orcs (D:4)
  A bat (D:2)
  8 endoplasms
  6 giant cockroaches
  12 goblins
  6 hobgoblins
  2 jackals (D:1)
  4 quokkas
  8 ball pythons
  2 frilled lizards
  5 kobolds
  4 rats
81 creatures vanquished.

Vanquished Creatures (others)
  2 plants (D:2)
2 creatures vanquished.

Grand Total: 83 creatures vanquished

Notes
Turn   | Place    | Note
-------+----------+-------------------------------------------
     0 | D:1      | bmack86 the Minotaur Fighter began the quest for the Orb.
     0 | D:1      | Reached XP level 1. HP: 19/19 MP: 0/0
    96 | D:1      | Found Woimenak's Jewellery Emporium.
   178 | D:1      | Found Xydghyce's Book Shoppe.
   311 | D:1      | Reached XP level 2. HP: 25/27 MP: 1/1
   379 | D:1      | Found a faded altar of an unknown god.
   607 | D:1      | Found Okugho Qomal's General Store.
   619 | D:1      | Bought a scroll of identify for 20 gold pieces
   619 | D:1      | Bought a scroll of identify for 20 gold pieces
  1015 | D:2      | Noticed Robin
  1060 | D:1      | Reached XP level 3. HP: 21/33 MP: 2/2
  1141 | D:2      | Killed Robin
  1293 | D:2      | Noticed Jessica
  1300 | D:2      | Killed Jessica
  1301 | D:2      | Reached XP level 4. HP: 24/40 MP: 3/3
  2751 | D:4      | Noticed a phantom
  2762 | D:3      | Killed a phantom
  2763 | D:3      | Reached skill level 1 in Throwing
  2763 | D:3      | Reached XP level 5. HP: 47/47 MP: 4/4
  2775 | D:4      | Found a bloodstained altar of Trog.
  2962 | D:4      | Reached skill level 5 in Axes
  3034 | D:4      | Noticed a phantom
  3050 | D:4      | Killed a phantom
  3051 | D:4      | Reached XP level 6. HP: 45/55 MP: 5/5
  3379 | D:5      | Entered Level 5 of the Dungeon
  3386 | D:5      | Reached skill level 5 in Shields
  3420 | D:5      | Noticed an ice beast
  3426 | D:5      | Reached skill level 5 in Fighting
  3426 | D:5      | Reached skill level 5 in Armour
  3431 | D:5      | Mangled by an ice beast

Illustrated notes

Levels and vault maps discovered:
D:1:      matt_arrival_los_fun, layout_basic,
          hellmonk_ecumenical_altar_heavens_door, serial_shops,
          nicolae_shop_window_shopping, nicolae_shop_peninsula, shop_coins,
          minmay_pentomino_o4
D:2:      layout_loops_ring, serial_bayou_crossing, uniq_jessica, uniq_robin
D:3:      layout_loops_corners, hangedman_abyss_or_decor_lesser_grid
D:4:      minmay_chambers_of_twos, layout_rooms, mainiacjoe_overflow_catwalk
D:5:      layout_basic

Skill      XL: |  1  2  3  4  5  6 |
---------------+-------------------+-----
Axes           | 3 4 5 |  5.6
Shields        | 4 5 |  5.1
Fighting       | 4 5 |  5.0
Armour         | 4 5 |  5.0
Throwing       | 1 2 |  2.2

Action                     |  1- 3 |  4- 6 || total
---------------------------+-------+-------++-------
  Melee: War axe           |    74 |   121 ||   195
         Headbutt          |    11 |    12 ||    23
  Throw: Javelin           |       |     2 ||     2
         Boomerang         |       |     8 ||     8
    Use: Scroll            |     1 |    17 ||    18
 Armour: Scale mail        |    13 |       ||    13
         Plate armour      |    42 |    65 ||   107
  Dodge: Dodged            |    47 |    42 ||    89
  Block: Buckler           |    25 |    27 ||    52

Table legend: (Time is in decaauts)
 A = Elapsed time spent in this place.
 B = Non-inter-level travel time spent in this place.
 C = Inter-level travel time spent in this place.
 D = Time resting spent in this place.
 E = Time spent auto-exploring this place.
 F = Levels seen in this place.
 G = Mean time per level.
                   A        B        C        D        E       F      G
               +--------+--------+--------+--------+--------+-----+--------+
         Total |   3511 |   3417 |     94 |     71 |   2495 |   5 |  702.2 |
       Dungeon |   3511 |   3417 |     94 |     71 |   2495 |   5 |  702.2 |
               +--------+--------+--------+--------+--------+-----+--------+

Top non-repeatable levels by time:
     D:1: 1158 daAuts
     D:3: 904 daAuts
     D:2: 753 daAuts
     D:4: 641 daAuts
     D:5: 54 daAuts
